| TOP OF THE 1ST |
|
Aberdeen Pheasants batting - Pitching for St. Cloud Rox : LHP William Eason
|
|
Pitching: LHP William Eason
|
|
|
Batting: RHB Greg Howe
|
0-0: Ground out 5-3 (Groundball, 25, EV 78.8 MPH)
|
|
Batting: RHB Alejandro Luna
|
0-0: DOUBLE (Line Drive, 78D, EV 108.8 MPH)
|
|
Batting: LHB Sergio Leija
|
0-0: Ball 1-0: Fly out, F8 (Flyball, 8LM, EV 78.1 MPH)
|
|
Batting: LHB Robert McNair
|
0-0: Called Strike 0-1: Foul Ball, location: 2F 0-2: Ball 1-2: Ball 2-2: Foul Ball, location: 2F 2-2: Ball 3-2: Foul Ball, location: 2F 3-2: Ground out 6-3 (Groundball, 6, EV 90.0 MPH)
|
| Top of the 1st over - 0 runs, 1 hit, 0 errors, 1 left on base; Aberdeen 0 - St. Cloud 0 |
| BOTTOM OF THE 1ST |
|
St. Cloud Rox batting - Pitching for Aberdeen Pheasants : RHP Mark Knudson
|
|
Pitching: RHP Mark Knudson
|
|
|
Batting: LHB Doran Perdue
|
0-0: Ball 1-0: Foul Ball, location: 2F 1-1: Ball 2-1: Called Strike 2-2: Foul Ball, location: 2F 2-2: Foul Ball, location: 2F 2-2: Ground out U3 (Groundball, 3S, EV 90.6 MPH)
|
|
Batting: RHB Ron Gardenhire
|
0-0: Ball 1-0: Ball 2-0: Fly out, F7 (Flyball, 7S, EV 81.3 MPH)
|
|
Batting: SHB R J Reynolds
|
0-0: Ball 1-0: Called Strike 1-1: Ball 2-1: Ball 3-1: Foul Ball, location: 2F 3-2: TRIPLE (Groundball, 5L, EV 107.5 MPH)
|
|
Batting: LHB Tim Flannery
|
0-0: Called Strike 0-1: Fly out, F6 (Popup, 15, EV 81.3 MPH)
|
| Bottom of the 1st over - 0 runs, 1 hit, 0 errors, 1 left on base; Aberdeen 0 - St. Cloud 0 |
| TOP OF THE 2ND |
|
Aberdeen Pheasants batting - Pitching for St. Cloud Rox : LHP William Eason
|
|
Batting: RHB Thomas Masterson
|
0-0: Foul Ball, location: 2F 0-1: Swinging Strike 0-2: Ball 1-2: Fly out, F8 (Line Drive, 8LM, EV 103.1 MPH)
|
|
Batting: RHB Pedro Chavez
|
0-0: Ball 1-0: Ball 2-0: Foul Ball, location: 2F 2-1: SINGLE (Groundball, 6MD, EV 101.9 MPH)
|
|
Batting: RHB Harry McCulla
|
0-0: Called Strike 0-1: Ball 1-1: Ball 2-1: Ball 3-1: Foul Ball, location: 2F 3-2: Strikes out swinging
|
|
Batting: RHB Armando Ramirez
|
0-0: Ball 1-0: Ball 2-0: Fly out, F8 (Flyball, 89XD, EV 95.0 MPH)
|
| Top of the 2nd over - 0 runs, 1 hit, 0 errors, 1 left on base; Aberdeen 0 - St. Cloud 0 |
| BOTTOM OF THE 2ND |
|
St. Cloud Rox batting - Pitching for Aberdeen Pheasants : RHP Mark Knudson
|
|
Batting: LHB Curtis Morgan
|
0-0: Ball 1-0: Ground out 5-3 (Groundball, 56S, EV 86.3 MPH)
|
|
Batting: SHB Manny Galvez
|
0-0: Ball 1-0: Fly out, F9 (Flyball, 9LM, EV 96.3 MPH)
|
|
Batting: RHB Tony Castillo
|
0-0: Called Strike 0-1: Swinging Strike 0-2: Ball 1-2: Foul Ball, location: 2F 1-2: Fly out, F7 (Line Drive, 7, EV 104.4 MPH)
|
| Bottom of the 2nd over - 0 runs, 0 hits, 0 errors, 0 left on base; Aberdeen 0 - St. Cloud 0 |
| TOP OF THE 3RD |
|
Aberdeen Pheasants batting - Pitching for St. Cloud Rox : LHP William Eason
|
|
Batting: RHB Diego Martinez
|
0-0: Ball 1-0: Swinging Strike 1-1: Ball 2-1: TRIPLE (Line Drive, 9LD, EV 101.9 MPH)
|
|
Batting: RHB Greg Howe
|
0-0: Ball 1-0: Foul Ball, location: 2F 1-1: Foul Ball, location: 2F 1-2: Ground out 1-3 (Groundball, 13S, EV 63.1 MPH)
|
|
Batting: RHB Alejandro Luna
|
0-0: Ball 1-0: Called Strike 1-1: Called Strike 1-2: Strikes out swinging
|
|
Batting: LHB Sergio Leija
|
0-0: Ball 1-0: Called Strike 1-1: Foul Ball, location: 2F 1-2: Ball 2-2: Foul Ball, location: 2F 2-2: Fly out, F8 (Flyball, 8LS, EV 89.4 MPH)
|
| Top of the 3rd over - 0 runs, 1 hit, 0 errors, 1 left on base; Aberdeen 0 - St. Cloud 0 |
| BOTTOM OF THE 3RD |
|
St. Cloud Rox batting - Pitching for Aberdeen Pheasants : RHP Mark Knudson
|
|
Batting: RHB Dennis Sherrill
|
0-0: Ball 1-0: Ground out 6-3 (Groundball, 6, EV 85.6 MPH)
|
|
Batting: RHB Rich Velasquez
|
0-0: Ball 1-0: Fly out, F8 (Flyball, 89S, EV 81.9 MPH)
|
|
Batting: LHB Doran Perdue
|
0-0: Ball 1-0: Ball 2-0: Called Strike 2-1: Ball 3-1: Base on Balls
|
|
Batting: RHB Ron Gardenhire
|
0-0: Fly out, F9 (Line Drive, 9, EV 92.5 MPH)
|
| Bottom of the 3rd over - 0 runs, 0 hits, 0 errors, 1 left on base; Aberdeen 0 - St. Cloud 0 |
| TOP OF THE 4TH |
|
Aberdeen Pheasants batting - Pitching for St. Cloud Rox : LHP William Eason
|
|
Batting: LHB Robert McNair
|
0-0: Ball 1-0: SINGLE (Line Drive, 78S, EV 88.8 MPH)
|
|
Batting: RHB Thomas Masterson
|
0-0: Foul Ball, location: 2F 0-1: Ball 1-1: Called Strike 1-2: Ball 2-2: Strikes out swinging
|
|
Batting: RHB Pedro Chavez
|
0-0: Called Strike 0-1: Called Strike 0-2: Fly out, F9 (Flyball, 9, EV 74.4 MPH)
|
|
Batting: RHB Harry McCulla
|
0-0: Ball 1-0: Called Strike 1-1: Called Strike 1-2: Fly out, F8 (Line Drive, 8RM, EV 101.3 MPH)
|
| Top of the 4th over - 0 runs, 1 hit, 0 errors, 1 left on base; Aberdeen 0 - St. Cloud 0 |
| BOTTOM OF THE 4TH |
|
St. Cloud Rox batting - Pitching for Aberdeen Pheasants : RHP Mark Knudson
|
|
Batting: SHB R J Reynolds
|
0-0: Ball 1-0: Ball 2-0: Called Strike 2-1: Ground out 4-3 (Groundball, 4MS, EV 91.3 MPH)
|
|
Batting: LHB Tim Flannery
|
0-0: Swinging Strike 0-1: Swinging Strike 0-2: Ball 1-2: Ball 2-2: Foul Ball, location: 2F 2-2: Ball 3-2: Foul Ball, location: 2F 3-2: Ground out U3 (Groundball, 34, EV 87.5 MPH)
|
|
Batting: LHB Curtis Morgan
|
0-0: Called Strike 0-1: Ball 1-1: Ball 2-1: Ball 3-1: Base on Balls
|
|
Batting: SHB Manny Galvez
|
0-0: Called Strike 0-1: Ball 1-1: Ball 2-1: Fly out, F8 (Line Drive, 8LM, EV 90.6 MPH)
|
| Bottom of the 4th over - 0 runs, 0 hits, 0 errors, 1 left on base; Aberdeen 0 - St. Cloud 0 |
| TOP OF THE 5TH |
|
Aberdeen Pheasants batting - Pitching for St. Cloud Rox : LHP William Eason
|
|
Batting: RHB Armando Ramirez
|
0-0: Ball 1-0: Called Strike 1-1: Ground out U3 (Groundball, 34, EV 103.1 MPH)
|
|
Batting: RHB Diego Martinez
|
0-0: Ball 1-0: Foul Ball, location: 2F 1-1: Ground out 4-3 (Groundball, 4, EV 107.5 MPH)
|
|
Batting: RHB Greg Howe
|
0-0: Called Strike 0-1: SINGLE (Groundball, 56D, EV 104.4 MPH)
|
|
Batting: RHB Alejandro Luna
|
0-0: Called Strike 0-1: SINGLE (Flyball, 8LS, EV 89.4 MPH) Greg Howe to second
|
|
Batting: LHB Sergio Leija
|
0-0: Foul Ball, location: 2F 0-1: Foul Ball, location: 2F 0-2: Ground out U3 (Groundball, 13, EV 86.3 MPH)
|
| Top of the 5th over - 0 runs, 2 hits, 0 errors, 2 left on base; Aberdeen 0 - St. Cloud 0 |
| BOTTOM OF THE 5TH |
|
St. Cloud Rox batting - Pitching for Aberdeen Pheasants : RHP Mark Knudson
|
|
Batting: RHB Tony Castillo
|
0-0: Called Strike 0-1: Ball 1-1: Fly out, F3 (Popup, 3SF, EV 88.1 MPH)
|
|
Batting: RHB Dennis Sherrill
|
0-0: Ball 1-0: Ground out 6-3 (Groundball, 56, EV 82.5 MPH)
|
|
Batting: RHB Rich Velasquez
|
0-0: Ball 1-0: Ball 2-0: Called Strike 2-1: Foul Ball, location: 2F 2-2: Fly out, F4 (Line Drive, 4, EV 76.3 MPH)
|
| Bottom of the 5th over - 0 runs, 0 hits, 0 errors, 0 left on base; Aberdeen 0 - St. Cloud 0 |
| TOP OF THE 6TH |
|
Aberdeen Pheasants batting - Pitching for St. Cloud Rox : LHP William Eason
|
|
Batting: LHB Robert McNair
|
0-0: Called Strike 0-1: SINGLE (Groundball, 34D, EV 105.6 MPH)
|
|
Batting: RHB Thomas Masterson
|
0-0: Foul Ball, location: 2F 0-1: Ball 1-1: Foul Ball, location: 2F 1-2: Foul Ball, location: 2F 1-2: Ball 2-2: Ball 3-2: SINGLE (Line Drive, 9S, EV 111.9 MPH) Robert McNair to second
|
|
Batting: RHB Pedro Chavez
|
0-0: Bunt missed! 0-1: Ball 1-1: Sac Bunt to P - play at first, batter OUT! 1-4 Robert McNair to third Thomas Masterson to second
|
|
Batting: RHB Harry McCulla
|
0-0: Intentional Walk
|
|
Batting: RHB Armando Ramirez
|
0-0: Called Strike 0-1: SINGLE (Line Drive, 8RS, EV 91.9 MPH) Robert McNair scores Thomas Masterson to third Harry McCulla to second
|
|
Batting: RHB Diego Martinez
|
0-0: Ball 1-0: Swinging Strike 1-1: SINGLE (Flyball, 6D, EV 87.5 MPH) Thomas Masterson scores Harry McCulla to third Armando Ramirez to second Runner from 3rd tries for Home, SAFE, throw by CF to home
|
|
Batting: RHB Greg Howe
|
0-0: Ball 1-0: Called Strike 1-1: Fly out, F5 (Line Drive, 5, EV 70.0 MPH)
|
|
Batting: RHB Alejandro Luna
|
0-0: Swinging Strike 0-1: Called Strike 0-2: Fielders Choice at 2nd, 6-4 (Groundball, 6, EV 83.8 MPH)
|
| Top of the 6th over - 3 runs, 4 hits, 0 errors, 2 left on base; Aberdeen 3 - St. Cloud 0 |
| BOTTOM OF THE 6TH |
|
St. Cloud Rox batting - Pitching for Aberdeen Pheasants : RHP Mark Knudson
|
|
Batting: LHB Doran Perdue
|
0-0: Called Strike 0-1: Ball 1-1: Swinging Strike 1-2: Ball 2-2: Ball 3-2: Base on Balls
|
|
Batting: RHB Ron Gardenhire
|
0-0: Ball 1-0: Bunt missed! 1-1: Bunt missed! 1-2: Ball 2-2: Foul Ball, location: 2F 2-2: Ball 3-2: Base on Balls Doran Perdue to second
|
|
Batting: SHB R J Reynolds
|
0-0: Ball 1-0: Swinging Strike 1-1: Foul Ball, location: 2F 1-2: Strikes out swinging
|
|
Batting: LHB Tim Flannery
|
0-0: Ball 1-0: Ball 2-0: Ball 3-0: Base on Balls Doran Perdue to third Ron Gardenhire to second
|
|
Batting: LHB Curtis Morgan
|
0-0: Called Strike 0-1: Ball 1-1: Swinging Strike 1-2: Ball 2-2: Foul Ball, location: 2F 2-2: Fly out, F6 (Popup, 6S, EV 69.4 MPH)
|
|
Batting: SHB Manny Galvez
|
0-0: Ground out 1-3 (Groundball, 15S, EV 66.3 MPH)
|
| Bottom of the 6th over - 0 runs, 0 hits, 0 errors, 3 left on base; Aberdeen 3 - St. Cloud 0 |
| TOP OF THE 7TH |
|
Aberdeen Pheasants batting - Pitching for St. Cloud Rox : LHP William Eason
|
|
Batting: LHB Sergio Leija
|
0-0: Ground out 4-3 (Groundball, 4, EV 109.4 MPH)
|
|
Batting: LHB Robert McNair
|
0-0: Ball 1-0: Called Strike 1-1: Foul Ball, location: 2F 1-2: Foul Ball, location: 2F 1-2: Ball 2-2: Ball 3-2: Foul Ball, location: 2F 3-2: Fly out, F7 (Flyball, 78D, EV 81.3 MPH)
|
|
Batting: RHB Thomas Masterson
|
0-0: Ball 1-0: Foul Ball, location: 2F 1-1: Foul Ball, location: 2F 1-2: Ground out 2-3 (Groundball, 15S, EV 66.9 MPH)
|
| Top of the 7th over - 0 runs, 0 hits, 0 errors, 0 left on base; Aberdeen 3 - St. Cloud 0 |
| BOTTOM OF THE 7TH |
|
St. Cloud Rox batting - Pitching for Aberdeen Pheasants : RHP Mark Knudson
|
|
Batting: RHB Tony Castillo
|
0-0: Called Strike 0-1: Fly out, F8 (Line Drive, 8LD, EV 100.6 MPH)
|
|
Batting: RHB Dennis Sherrill
|
0-0: Called Strike 0-1: Foul Ball, location: 2F 0-2: Foul Ball, location: 2F 0-2: Ball 1-2: Ball 2-2: Strikes out swinging
|
|
Batting: RHB Rich Velasquez
|
0-0: Ball 1-0: Ball 2-0: Fly out, F8 (Flyball, 8RXD, EV 74.4 MPH)
|
| Bottom of the 7th over - 0 runs, 0 hits, 0 errors, 0 left on base; Aberdeen 3 - St. Cloud 0 |
| TOP OF THE 8TH |
|
Aberdeen Pheasants batting - Pitching for St. Cloud Rox : LHP William Eason
|
|
Pitching: RHP Steve Ellsworth
|
|
|
Batting: RHB Pedro Chavez
|
0-0: Fly out, F8 (Flyball, 8RXD, EV 80.0 MPH)
|
|
Batting: RHB Harry McCulla
|
0-0: Ball 1-0: Ball 2-0: Called Strike 2-1: Foul Ball, location: 2F 2-2: Ball 3-2: Foul Ball, location: 2F 3-2: Base on Balls
|
|
Batting: RHB Armando Ramirez
|
0-0: Ball 1-0: Fielders Choice at 2nd, 1-6 (Groundball, 23, EV 61.9 MPH)
|
|
Batting: RHB Diego Martinez
|
0-0: Ball 1-0: Foul Ball, location: 2F 1-1: Foul Ball, location: 2F 1-2: Ball 2-2: Strikes out swinging
|
| Top of the 8th over - 0 runs, 0 hits, 0 errors, 1 left on base; Aberdeen 3 - St. Cloud 0 |
| BOTTOM OF THE 8TH |
|
St. Cloud Rox batting - Pitching for Aberdeen Pheasants : RHP Mark Knudson
|
|
Now in LF: Rick Leach
|
|
|
Batting: LHB Doran Perdue
|
0-0: Ball 1-0: Foul Ball, location: 2F 1-1: Ball 2-1: Foul Ball, location: 2F 2-2: Fly out, F9 (Flyball, 9S, EV 85.6 MPH)
|
|
Batting: RHB Ron Gardenhire
|
0-0: Ground out 5-3 (Groundball, 56, EV 80.6 MPH)
|
|
Batting: SHB R J Reynolds
|
0-0: Ball 1-0: Foul Ball, location: 2F 1-1: Fly out, F6 (Flyball, 56D, EV 88.1 MPH)
|
| Bottom of the 8th over - 0 runs, 0 hits, 0 errors, 0 left on base; Aberdeen 3 - St. Cloud 0 |
| TOP OF THE 9TH |
|
Aberdeen Pheasants batting - Pitching for St. Cloud Rox : RHP Steve Ellsworth
|
|
Batting: RHB Greg Howe
|
0-0: Ball 1-0: Ball 2-0: Ball 3-0: Base on Balls
|
|
Batting: RHB Alejandro Luna
|
0-0: Ball 1-0: Fielders Choice at 2nd, 5-4 (Groundball, 5, EV 84.4 MPH)
|
|
Batting: LHB Rick Leach
|
0-0: Ball 1-0: Called Strike 1-1: Called Strike 1-2: Ground out 4-3 (Groundball, 34, EV 101.3 MPH) Alejandro Luna to second
|
|
Batting: LHB Robert McNair
|
0-0: Intentional Walk
|
|
Pitching: RHP Mike Smith
|
|
|
Batting: RHB Thomas Masterson
|
0-0: Called Strike 0-1: Ball 1-1: Ground out 4-3 (Groundball, 13, EV 90.6 MPH)
|
| Top of the 9th over - 0 runs, 0 hits, 0 errors, 2 left on base; Aberdeen 3 - St. Cloud 0 |
| BOTTOM OF THE 9TH |
|
St. Cloud Rox batting - Pitching for Aberdeen Pheasants : RHP Mark Knudson
|
|
Batting: LHB Tim Flannery
|
0-0: Ball 1-0: Ball 2-0: Called Strike 2-1: Ball 3-1: Swinging Strike 3-2: Foul Ball, location: 2F 3-2: Foul Ball, location: 2F 3-2: Foul Ball, location: 2F 3-2: Strikes out swinging
|
|
Batting: LHB Curtis Morgan
|
0-0: Ball 1-0: Ball 2-0: Ball 3-0: Called Strike 3-1: Called Strike 3-2: Base on Balls
|
|
Batting: SHB Manny Galvez
|
0-0: Called Strike 0-1: Foul Ball, location: 2F 0-2: Ball 1-2: Ball 2-2: Fly out, F3 (Line Drive, 3, EV 73.1 MPH)
|
|
Batting: RHB Tony Castillo
|
0-0: Ball 1-0: Ball 2-0: Ball 3-0: Called Strike 3-1: SINGLE (Groundball, 5D, EV 106.9 MPH) Curtis Morgan to second
|
|
Batting: RHB Dennis Sherrill
|
0-0: Ball 1-0: Ground out 4-3 (Groundball, P, EV 84.4 MPH)
|
| Bottom of the 9th over - 0 runs, 1 hit, 0 errors, 2 left on base; Aberdeen 3 - St. Cloud 0 |
|